 Dungeon Crawl Stone Soup version 0.25.0-10-g039870ee82 (webtiles) character file.

Game seed: 12829014863490718137

46 Lekan the Chiller (level 3, -8/28 HPs)
             Began as a Gnoll Wanderer on June 23, 2020.
             Killed from afar by a worm (36 damage)
             ... with an exploding inner flame
             ... hexed by the player character
             ... on level 2 of the Dungeon.
             The game lasted 00:09:58 (2630 turns).

Lekan the Chiller (Gnoll Wanderer)                  Turns: 2630, Time: 00:10:02

Health: -8/28      AC:  4    Str: 13    XL:     3   Next: 68%
Magic:  4/7        EV: 11    Int: 21    God:
Gold:   60         SH:  0    Dex: 15    Spells: 3/7 levels left

rFire    . . .     SeeInvis .   a - +0 dagger
rCold    . . .     Gourm    .   (no shield)
rNeg     . . .     Faith    .   m - +0 leather armour
rPois    .         Spirit   .   (no helmet)
rElec    .         Reflect  .   (no cloak)
rCorr    .         Harm     .   q - +0 pair of gloves
MR       .....                  (no boots)
Stlth    +.........             (no amulet)
HPRegen  0.09/turn              c - ring of wizardry
MPRegen  0.10/turn              l - +6 ring of intelligence

@: no status effects
A: distributed training, fangs 1, strong nose
a: no special abilities


You were on level 2 of the Dungeon.
You were not hungry.

You visited 1 branch of the dungeon, and saw 2 of its levels.

You collected 60 gold pieces.

Inventory:

Hand Weapons
 a - a +0 dagger (weapon)
Missiles
 o - 10 poisoned darts (quivered)
Armour
 d - a +0 robe
 k - a +0 pair of gloves
 m - a +0 leather armour (worn)
 q - a +0 pair of gloves (worn)
Jewellery
 c - a ring of wizardry (left hand)
 l - a +6 ring of intelligence (right hand)
Scrolls
 b - a scroll of fog {unknown}
 h - a scroll of random uselessness {unknown}
 j - a scroll of enchant weapon {unknown}
 p - a scroll of identify {unknown}
Potions
 g - a potion of heal wounds {unknown}
 i - a potion of flight {unknown}
 r - a potion of curing {unknown}
Miscellaneous
 e - a phial of floods
Comestibles
 f - 3 rations


   Skills:
 + Level 2.6 Fighting
 + Level 0.9 Short Blades
 + Level 0.9 Long Blades
 + Level 0.9 Axes
 + Level 0.9 Maces & Flails
 + Level 0.9 Polearms
 + Level 0.9 Staves
 + Level 0.9 Slings
 + Level 2.6 Bows
 + Level 0.9 Crossbows
 + Level 0.9 Throwing
 + Level 2.6 Armour
 + Level 0.9 Dodging
 + Level 0.9 Stealth
 + Level 2.6 Shields
 + Level 0.9 Unarmed Combat
 + Level 2.8 Spellcasting
 + Level 0.6 Conjurations
 + Level 0.6 Hexes
 + Level 0.6 Charms
 + Level 0.6 Summonings
 + Level 2.1 Necromancy
 + Level 0.6 Translocations
 + Level 0.6 Transmutations
 + Level 0.6 Fire Magic
 + Level 5.4 Ice Magic
 + Level 0.6 Air Magic
 + Level 0.6 Earth Magic
 + Level 0.6 Poison Magic
 + Level 1.0 Invocations
 + Level 2.6 Evocations


You had 3 spell levels left.
You knew the following spells:

 Your Spells              Type           Power        Failure   Level  Hunger
a - Freeze                Ice            ####         1%          1    None
b - Inner Flame           Hex/Fire       #.......     16%         3    ###....

Your spell library contained the following spells:

 Spells                   Type           Power        Failure   Level  Hunger
 Foxfire                  Conj/Fire      #...         5%          1    None
 Ozocubu's Armour         Chrm/Ice       ###.....     6%          3    ###....


Dungeon Overview and Level Annotations

Branches:
Dungeon (2/15)

Altars:
Qazlal
Wu Jian


Innate Abilities, Weirdness & Mutations

Your experience applies equally to all skills.
You have very sharp teeth.
Your uncanny sense of smell can sniff out nearby items.


Message History

Confirm with . or Enter, or press ? or * to list all spells.
The spell is quite dangerous to cast (16% risk of failure)!
Continue anyway?
Okay, then.
Casting: Inner Flame (quite dangerous; 16% risk of failure)
Confirm with . or Enter, or press ? or * to list all spells.
The spell is quite dangerous to cast (16% risk of failure)!
Continue anyway?
Aiming: Inner Flame (quite dangerous; 16% risk of failure)
Press: ? - help, Shift-Dir - straight line, f - worm
Aim: a worm (wandering, hasn't noticed you, chance to defeat MR: 54%)
The worm is filled with an inner flame.
You hit the worm.
Flame seeps out of the worm.
You bite the worm, but do no damage.
The worm is lightly wounded.
You hit the worm but do no damage.
The worm is lightly wounded.
The worm is engulfed in blazing flames.
The worm explodes!
The fiery explosion engulfs you!!!
Ouch! That really hurt!
You die...

..... ♣.≈♣♣.♣♣###.
#..♣♣♣♣♣.≈♣♣♣♣♣♣##.
#..♣..P.≈.≈♣♣P♣♣..[
#...≈≈≈≈≈≈≈≈≈≈.....
#
##.♣≈♣.♣.≈.♣P♣♣♣###
#.##.♣♣♣♣♣♣.♣♣♣♣
#....†.♣ ♣P.♣
####.### ♣≈≈♣ #§@#
♣♣≈♣ #○## P.≈ #.
#.. #. #.. ∆ #. ∆
+... ##


There were no monsters in sight!

Vanquished Creatures
  An ooze (D:2)
  A worm (D:2)
  A dart slug (D:1)
  A leopard gecko (D:1)
  A ball python (D:1)
  A giant cockroach (D:1)
  2 goblins (D:1)
  11 hobgoblins
  5 kobolds
  3 bats
  2 frilled lizards (D:2)
  5 rats
34 creatures vanquished.

Notes
Turn   | Place    | Note
-------+----------+-------------------------------------------
     0 | D:1      | Lekan the Gnoll Wanderer began the quest for the Orb.
     0 | D:1      | Lekan set off with the following items: a +0 dagger, a +0
                  | robe, a phial of floods, a ration; and the following spells
                  | available to memorise: Freeze, Foxfire, Ozocubu's Armour,
                  | Inner Flame
     0 | D:1      | Reached XP level 1. HP: 17/17 MP: 4/4
     2 | D:1      | Learned a level 1 spell: Freeze
   502 | D:1      | Reached XP level 2. HP: 23/23 MP: 3/5
  1257 | D:1      | Reached XP level 3. HP: 28/28 MP: 5/7
  1834 | D:2      | Found an ornate altar of the Wu Jian Council.
  1928 | D:2      | Found a stormy altar of Qazlal.
  2222 | D:2      | Reached skill level 1 in Invocations
  2475 | D:2      | Learned a level 3 spell: Inner Flame
  2630 | D:2      | Killed from afar by a worm

Illustrated notes

Levels and vault maps discovered:
D:1:      erik_arrival_cave_to_civilisation [erik_arrival_cave_to_hall],
          layout_basic, chequers_serial_rivers_micro_a
D:2:      layout_loops_corners, lemuel_doored_altar, lemuel_crystal_altar,
          serial_bayou_crossing

Skill      XL: |  1  2  3 |
---------------+----------+-----
Necromancy     | 2 |  2.1
Invocations    | 1 |  1.0
Fighting       | |  2.6
Short Blades   | |  0.9
Long Blades    | |  0.9
Axes           | |  0.9
Maces & Flails | |  0.9
Polearms       | |  0.9
Staves         | |  0.9
Slings         | |  0.9
Bows           | |  2.6
Crossbows      | |  0.9
Throwing       | |  0.9
Armour         | |  2.6
Dodging        | |  0.9
Stealth        | |  0.9
Shields        | |  2.6
Unarmed Combat | |  0.9
Spellcasting   | |  2.8
Conjurations   | |  0.6
Hexes          | |  0.6
Charms         | |  0.6
Summonings     | |  0.6
Translocations | |  0.6
Transmutations | |  0.6
Fire Magic     | |  0.6
Ice Magic      | |  5.4
Air Magic      | |  0.6
Earth Magic    | |  0.6
Poison Magic   | |  0.6
Evocations     | |  2.6

Action                   || total
-------------------------++-------
Melee: Dagger            ||    78
       Bite              ||    16
 Cast: Freeze            ||    25
       Inner Flame       ||     3
 Stab: Sleeping          ||     3
  Eat: Chunk             ||     6
Armor: Robe              ||     7
       Leather armour    ||     6
Dodge: Dodged            ||    48
